 Dungeon Crawl Stone Soup version 0.23.0-33-g5e6c059fef (webtiles) character file.

Game seed: 14840759522868884522

383 Peloso the Slasher (level 6, -1/53 HPs)
             Began as a Minotaur Fighter on Feb 27, 2019.
             Slain by Natasha (3 damage)
             ... on level 4 of the Dungeon.
             The game lasted 00:03:45 (2201 turns).

Peloso the Slasher (Minotaur Fighter)               Turns: 2201, Time: 00:03:46

Health: -1/53      AC: 11    Str: 21    XL:     6   Next: 47%
Magic:  5/5        EV:  6    Int:  8    God:
Gold:   160        SH: 10    Dex: 11    Spells: 5/5 levels left

rFire    + . .     SeeInvis .   a - +0 long sword
rCold    . . .     Gourm    .   c - +0 shield
rNeg     . . .     Faith    .   i - +0 chain mail
rPois    .         Spirit   .   (helmet restricted)
rElec    .         Reflect  .   (no cloak)
rCorr    .         Harm     .   (no gloves)
MR       .....                  v - +0 pair of boots
Stlth    ..........             (no amulet)
HPRegen  0.17/turn              k - +3 ring of intelligence
MPRegen  0.09/turn              s - ring of protection from fire

@: lethally poisoned (-1 -> -7)
A: retaliatory headbutt, horns 2
a: no special abilities


You were on level 4 of the Dungeon.
You were not hungry.

You visited 1 branch of the dungeon, and saw 4 of its levels.

You collected 160 gold pieces.

Inventory:

Hand Weapons
 a - a +0 long sword (weapon)
Armour
 b - a +0 scale mail
 c - a +0 shield (worn)
 i - a +0 chain mail (worn)
 v - a +0 pair of boots (worn)
Jewellery
 k - a +3 ring of intelligence (left hand)
 s - a ring of protection from fire (right hand)
Scrolls
 e - a scroll of magic mapping {unknown}
 g - 2 scrolls of teleportation {unknown}
 h - a scroll of random uselessness {unknown}
 m - 6 scrolls of identify {unknown}
 n - 4 scrolls of remove curse {unknown}
 o - a scroll of fog {unknown}
 r - a scroll of fear {unknown}
 u - a scroll of immolation {unknown}
Potions
 d - 2 potions of might
 j - 2 potions of heal wounds {unknown}
 l - 2 potions of degeneration {unknown}
 p - a potion of brilliance {unknown}
 q - 2 potions of curing {unknown}
Comestibles
 f - 5 rations
 t - 5 chunks of flesh


   Skills:
 + Level 4.6 Fighting
 + Level 5.6 Long Blades
 + Level 5.0 Armour
 + Level 0.7 Dodging
 + Level 5.4 Shields


You had 5 spell levels left.
You didn't know any spells.
Your spell library was empty.

Dungeon Overview and Level Annotations

Branches:
Dungeon (4/15)
 Temple: D:4-7

Altars:
Nemelex Xobeh

Annotations:
D:4 Natasha


Innate Abilities, Weirdness & Mutations

You reflexively headbutt those who attack you in melee.
You have a pair of horns on your head.


Message History

You closely miss Natasha. The worker ant barely misses you. Natasha claws you.
The white imp hits you but does no damage.
The worker ant bites you.
You are poisoned.
The worker ant poisons you!
Unknown command.
You hit Natasha but do no damage. Your headbutt misses Natasha.
You feel sick. You block Natasha's attack. The worker ant bites you.
The white imp hits you but does no damage.
Natasha stares at you and mumbles some strange words.
The magic dart hits you!
* * * LOW HITPOINT WARNING * * *
The worker ant bites you.
* * * LOW HITPOINT WARNING * * *
Your shield prevents you from hitting Natasha.
You block the white imp's attack. The worker ant closely misses you.
You furiously retaliate!
You headbutt the worker ant, but do no damage.
Natasha claws you.
You die...

##### #...##. #..
.....#...# #...... ....
....#...# #......
....###...+...# #...#..
....(.....#...# ###....
....$.....#...# #...#.#
..........#..#####...#†#
..........#.†#.....###.#
#...5@..'..#.....#....
#...ha..#..'...###.###
+.......#+##...#...# #
#...>..........###.###
#.$..........##...#....
#............+..#.###.#
#............#..#.).#(#
#............#..#...###
##....#..#......


You could see a worker ant, Natasha and a white imp.

Vanquished Creatures
  An ice beast (D:4)
  An ogre (D:4)
  A scorpion (D:4)
  7 adders
  An ooze (D:4)
  4 worms
  2 dart slugs
  4 leopard geckos
  6 bats
  5 giant cockroaches
  6 goblins
  10 hobgoblins
  7 jackals
  8 kobolds
  3 quokkas
  3 frilled lizards
  4 rats
73 creatures vanquished.

Notes
Turn   | Place    | Note
-------+----------+-------------------------------------------
     0 | D:1      | Peloso the Minotaur Fighter began the quest for the Orb.
     0 | D:1      | Reached XP level 1. HP: 19/19 MP: 0/0
   297 | D:1      | Reached XP level 2. HP: 27/27 MP: 1/1
   657 | D:2      | Reached XP level 3. HP: 17/33 MP: 2/2
   838 | D:2      | Reached XP level 4. HP: 40/40 MP: 3/3
  1249 | D:3      | Found a sparkling altar of Nemelex Xobeh.
  1529 | D:3      | Reached XP level 5. HP: 43/46 MP: 4/4
  1916 | D:3      | Reached skill level 5 in Shields
  2100 | D:4      | Noticed an ogre
  2107 | D:4      | Killed an ogre
  2129 | D:4      | Noticed an ice beast
  2138 | D:4      | Killed an ice beast
  2138 | D:4      | Reached skill level 5 in Long Blades
  2138 | D:4      | Reached XP level 6. HP: 31/53 MP: 5/5
  2188 | D:4      | Reached skill level 5 in Armour
  2193 | D:4      | Noticed Natasha
  2200 | D:4      | HP: 2/53 [worker ant (4)]
  2201 | D:4      | Slain by Natasha

Skill      XL: |  1  2  3  4  5  6 |
---------------+-------------------+-----
Long Blades    | 3 4 5 |  5.6
Armour         | 4 5 |  5.0
Shields        | 4 5 |  5.4
Fighting       | 4 |  4.6
Dodging        | |  0.7

Action                   |  1- 3 |  4- 6 || total
-------------------------+-------+-------++-------
Melee: Long sword        |    68 |   117 ||   185
       Headbutt          |    12 |    20 ||    32
  Use: Potion            |       |     1 ||     1
  Eat: Chunk             |       |     4 ||     4
Armor: Chain mail        |    38 |    62 ||   100
       Scale mail        |     4 |       ||     4
Dodge: Dodged            |    16 |    30 ||    46
Block: Shield            |    48 |    67 ||   115
       Rpst.: Long sword |     5 |     8 ||    13
